 Dungeon Crawl Stone Soup version 0.27-a0-1140-g099f9bb0e8 (webtiles) character file.

Game seed: 18325565452435630514

7720 leviel the Severer (level 11, -2/102 HPs)
             Began as a Minotaur Fighter on May 8, 2021.
             Was a High Priest of the Shining One.
             Slain by a tengu warrior
             ... wielding a +0 war axe
              (14 damage)
             ... on level 10 of the Dungeon.
             The game lasted 00:11:59 (10137 turns).

leviel the Severer (Minotaur Fighter)              Turns: 10137, Time: 00:12:00

Health: -2/102     AC: 14    Str: 24    XL:     11   Next: 0%
Magic:  10/10      EV:  7    Int:  5    God:    the Shining One [*****.]
Gold:   21         SH:  9    Dex: 10    Spells: 10/10 levels left

rFire    . . .     SeeInvis .   a - +2 war axe (vorpal)
rCold    . . .     Faith    .   c - +0 kite shield
rNeg     + + +     Spirit   .   b - +1 scale mail
rPois    .         Reflect  .   (helmet restricted)
rElec    .         Harm     .   (no cloak)
rCorr    .         Rampage  .   h - +1 pair of gloves
Will     .....                  (no boots)
Stlth    ..........             r - amulet of regeneration
HPRegen  1.27/turn              k - ring of positive energy
MPRegen  0.12/turn              e - +4 ring of protection

@: glowing
A: horns 2, retaliatory headbutt
a: Renounce Religion, Divine Shield, Cleansing Flame, Summon Divine Warrior


You were on level 10 of the Dungeon.
You worshipped the Shining One.
The Shining One was extremely pleased with you.
You visited 1 branch of the dungeon, and saw 10 of its levels.
You also visited: Ossuary.

You collected 615 gold pieces.
You spent 594 gold pieces at shops.

Inventory:

Hand Weapons
 a - a +2 vorpal war axe (weapon)
 g - a +2 whip of electrocution
Armour
 b - a +1 scale mail (worn)
 c - a +0 kite shield (worn)
 h - a +1 pair of gloves (worn)
Jewellery
 e - a +4 ring of protection (right hand)
 k - a ring of positive energy (left hand)
 r - an amulet of regeneration (around neck)
 u - a ring of resist corrosion
 B - a ring of magical power
Wands
 j - a wand of digging (3)
 m - a wand of flame (38)
 n - a wand of polymorph (6)
 p - a wand of acid (6)
Scrolls
 i - 3 scrolls of magic mapping
 l - 2 scrolls of blinking
 q - 3 scrolls of teleportation
 w - 3 scrolls of identify
Potions
 d - 2 potions of ambrosia {unknown}
 f - 3 potions of curing
 o - 3 potions of brilliance {unknown}
 s - 2 potions of resistance {unknown}
 t - a potion of heal wounds {unknown}
 v - a potion of attraction {unknown}
 x - 2 potions of degeneration {unknown}
 z - 2 potions of cancellation {unknown}
 C - a potion of flight {unknown}
 D - a potion of lignification {unknown}


   Skills:
 + Level 11.3 Fighting
 - Level 16.0 Axes
 - Level 4.1 Armour
 - Level 3.9 Shields


You had 10 spell levels left.
You didn't know any spells.
Your spell library contained the following spells:

 Spells                   Type           Power      Damage    Failure   Level
 Animate Skeleton         Necr           0%         N/A       99%         1
 Apportation              Tloc           0%         N/A       99%         1
 Corona                   Hex            0%         N/A       99%         1
 Summon Small Mammal      Summ           0%         N/A       99%         1
 Poisonous Vapours        Pois/Air       0%         N/A       100%        2
 Conjure Flame            Conj/Fire      0%         6-21      100%        3
 Mephitic Cloud           Conj/Pois/Air  0%         N/A       100%        3
 Freezing Cloud           Conj/Ice/Air   0%         6-21      100%        6


Dungeon Overview and Level Annotations

Branches:
Dungeon (10/15)            Temple (0/1) D:7         Ossuary (visited)
   Lair: D:8-11         Orc: D:9-12

Altars:
Ashenzari
Dithmenos
Gozag
Makhleb
Uskayaw
Vehumet
Xom
The Shining One

Shops:
D:4 (   D:5 ?   D:9 =


Innate Abilities, Weirdness & Mutations

You have a pair of horns on your head.
You reflexively headbutt those who attack you in melee.


Message History

i - 3 scrolls of magic mapping (gained 1)
There is an open door here.
Done exploring.
Done exploring.
Done exploring.
Done exploring.
(D) Dungeon (T) Temple
Where to? (Enter - D:9 @ (x,y), ? - help)
There is an open door here.
There is an open door here.
There is a stone staircase leading down here.
You climb downwards.
A tengu warrior comes into view. It is wielding a +0 war axe.
The tengu warrior shouts!
Found five items.
There is a stone staircase leading up here.
A tengu warrior is nearby!
A centaur warrior comes into view.
The centaur warrior shouts!
The centaur warrior wields a +0 shortbow.
The centaur warrior shoots an arrow.
The arrow hits you!
A centaur warrior comes into view.
The centaur warrior shouts!
The centaur warrior wields a +0 shortbow.
The centaur warrior shoots an arrow.
The arrow hits you!!
The centaur warrior shoots an arrow.
The arrow closely misses you.
The centaur warrior shoots an arrow.
The arrow hits you!
The centaur warrior shoots an arrow.
The arrow hits you!
The centaur warrior shoots an arrow.
The arrow hits you!
The centaur warrior shoots an arrow.
The arrow hits you!
* * * LOW HITPOINT WARNING * * *
The centaur warrior shoots an arrow.
The arrow hits you.
* * * LOW HITPOINT WARNING * * *
A centaur warrior comes into view.
The centaur warrior shouts!
The centaur warrior shoots an arrow.
The arrow hits you.
* * * LOW HITPOINT WARNING * * *
The centaur warrior moves out of view.
The tengu warrior hits you with a +0 war axe!
You die...

$$(..#..#
$)$.....#
($!..#c.#
...#..# ..#..#
..#########..#
....c.....Q..#
....c......@<#
##############


You could see a tengu warrior and 3 centaur warriors.

Vanquished Creatures
  Harold (D:9)
  A two-headed ogre (D:9)
  Pikel (D:5)
  The ghost of jasper the Changer, a novice MfTm (D:9)
  Maurice (D:9)
  Maggie (D:9)
  A hornet (D:9)
  Sigmund (D:4)
  4 yaks (D:8)
  A wraith (D:9)
  A steam dragon (D:7)
  Menkaure (D:4)
  Edmund (D:5)
  A water moccasin (D:9)
  An acid dragon (D:9)
  Duvessa (D:4)
  3 orc warriors
  A sky beast (D:5)
  An ice beast (D:5)
  A necrophage (D:6)
  3 ogres (D:6)
  3 centaurs
  A lemure (D:5)
  2 bullfrogs
  2 elf zombies (Ossuary)
  Dowan (D:4)
  3 killer bees (D:9)
  8 wights
  A howler monkey (D:8)
  A centaur zombie (D:9)
  2 centaur skeletons
  8 orc priests
  2 hounds (D:5)
  3 jellies
  2 human zombies (Ossuary)
  Ijyb (D:3)
  A gnoll shaman (D:4)
  3 iguanas
  Terence (D:3)
  11 orc wizards
  2 mummies (Ossuary)
  A howler monkey zombie (D:9)
  Robin (D:4)
  7 gnolls (D:4)
  A howler monkey skeleton (D:6)
  10 adders
  A shadow imp (D:6)
  A white imp (D:6)
  An ufetubus (D:6)
  An adder zombie (Ossuary)
  An adder skeleton (D:4)
  2 dart slugs
  28 orcs
  4 ball pythons
  6 endoplasms
  4 giant cockroaches
  24 goblins
  19 hobgoblins
  5 jackals
  8 kobolds
  4 quokkas
  5 bats
  3 frilled lizards
  A goblin zombie (Ossuary)
  8 hobgoblin zombies (Ossuary)
  2 jackal zombies
  15 kobold zombies (Ossuary)
  4 orc zombies (Ossuary)
  8 rats
  3 rat zombies (Ossuary)
264 creatures vanquished.

Vanquished Creatures (others)
  3 plants (D:9)
3 creatures vanquished.

Grand Total: 267 creatures vanquished

Notes
Turn   | Place    | Note
-------+----------+-------------------------------------------
     0 | D:1      | leviel the Minotaur Fighter began the quest for the Orb.
     0 | D:1      | Reached XP level 1. HP: 19/19 MP: 0/0
    64 | D:1      | Reached XP level 2. HP: 27/27 MP: 1/1
   261 | D:1      | Reached skill level 3 in Axes
   620 | D:1      | Reached XP level 3. HP: 25/33 MP: 2/2
   826 | D:2      | Found a faded altar of an unknown god.
   829 | D:2      | Found a shadowy altar of Dithmenos.
   953 | D:2      | Reached skill level 4 in Axes
  1643 | D:2      | Reached XP level 4. HP: 33/40 MP: 3/3
  1839 | D:3      | Noticed a centaur
  1843 | D:3      | Killed a centaur
  1844 | D:3      | Reached skill level 5 in Axes
  1844 | D:3      | Reached XP level 5. HP: 46/46 MP: 4/4
  1856 | D:3      | Noticed Terence
  1861 | D:3      | Killed Terence
  1862 | D:3      | Reached skill level 6 in Axes
  2070 | D:3      | Noticed Ijyb
  2119 | D:3      | Killed Ijyb
  2670 | D:3      | Reached skill level 7 in Axes
  2724 | D:4      | Found a hide-covered altar of Uskayaw.
  2764 | D:4      | Reached XP level 6. HP: 48/52 MP: 5/5
  2883 | D:4      | Noticed Robin
  2896 | D:4      | Killed Robin
  3060 | D:4      | Noticed Sigmund
  3072 | D:4      | Killed Sigmund
  3073 | D:4      | Reached skill level 8 in Axes
  3261 | D:4      | Found Nimaghi's Weapon Shop.
  3303 | D:4      | Reached XP level 7. HP: 49/58 MP: 6/6
  3309 | D:4      | Reached skill level 9 in Axes
  3519 | D:4      | Noticed Dowan
  3521 | D:4      | Noticed Duvessa
  3524 | D:4      | Killed Dowan
  3536 | D:4      | Killed Duvessa
  4221 | D:4      | Noticed Menkaure
  4244 | D:4      | Killed Menkaure
  4245 | D:4      | Reached skill level 10 in Axes
  4570 | D:4      | Found a glowing golden altar of the Shining One.
  4628 | D:4      | Became a worshipper of the Shining One
  4679 | D:5      | Entered Level 5 of the Dungeon
  4790 | D:5      | Reached XP level 8. HP: 63/66 MP: 7/7
  4847 | D:5      | Reached skill level 11 in Axes
  4906 | D:5      | Noticed Edmund
  4917 | D:5      | Killed Edmund
  5034 | D:5      | Noticed Pikel
  5044 | D:5      | Killed Pikel
  5045 | D:5      | Reached skill level 12 in Axes
  5229 | D:5      | Reached skill level 13 in Axes
  5239 | D:5      | Found Kyblog's Magic Scroll Emporium.
  5248 | D:5      | Bought a scroll of magic mapping for 42 gold pieces
  5248 | D:5      | Bought a scroll of blinking for 90 gold pieces
  5248 | D:5      | Bought a scroll of amnesia for 42 gold pieces
  5737 | D:6      | Reached XP level 9. HP: 60/71 MP: 8/8
  6161 | D:6      | Found a burning altar of Makhleb.
  6161 | D:6      | Found an opulent altar of Gozag.
  6161 | D:6      | Found a shimmering altar of Xom.
  6161 | D:6      | Found a broken altar of Ashenzari.
  6165 | D:6      | Reached skill level 14 in Axes
  6237 | D:6      | Found a radiant altar of Vehumet.
  6240 | D:6      | Found a shadowy altar of Dithmenos.
  6244 | D:6      | Reached * piety under the Shining One
  6587 | D:7      | Found a sand-covered staircase.
  6594 | Ossuary  | Entered an ossuary
  6605 | Ossuary  | Reached ** piety under the Shining One
  6655 | Ossuary  | Reached *** piety under the Shining One
  6743 | Ossuary  | Reached **** piety under the Shining One
  6893 | D:7      | Reached skill level 15 in Axes
  7032 | D:7      | Found a staircase to the Ecumenical Temple.
  7369 | D:8      | Reached XP level 10. HP: 42/78 MP: 6/9
  7375 | D:8      | Reached skill level 16 in Axes
  7826 | D:8      | Reached ***** piety under the Shining One
  7837 | D:8      | Reached skill level 5 in Fighting
  8980 | D:9      | Found Niehudon's Jewellery Shoppe.
  9025 | D:9      | Noticed a two-headed ogre
  9034 | D:9      | Killed a two-headed ogre
  9390 | D:9      | Noticed Harold
  9407 | D:9      | Killed Harold
  9583 | D:9      | Noticed Maurice
  9592 | D:9      | Reached skill level 10 in Fighting
  9594 | D:9      | Killed Maurice
  9637 | D:9      | Bought an amulet of regeneration for 420 gold pieces
  9880 | D:9      | Noticed Maggie
  9890 | D:9      | Killed Maggie
  9946 | D:9      | Found a runed translucent gate.
  9946 | D:9      | Found a runed translucent gate.
  9947 | D:9      | Found a runed translucent gate.
  9947 | D:9      | Noticed jasper's ghost (novice MfTm)
  9956 | D:9      | Killed jasper's ghost
  9957 | D:9      | Reached XP level 11. HP: 100/102 MP: 6/10
 10128 | D:10     | Entered Level 10 of the Dungeon
 10128 | D:10     | Noticed a tengu warrior
 10132 | D:10     | Noticed a centaur warrior
 10132 | D:10     | Noticed a centaur warrior
 10136 | D:10     | Noticed a centaur warrior
 10137 | D:10     | Slain by a tengu warrior

Illustrated notes

Levels and vault maps discovered:
D:1:      minmay_arrival_four_circles, layout_loops_ring
D:2:      layout_basic, ebering_ecumenical_altar_rust, basic_altar,
          kennysheep_generic_room_15, uniq_crazy_yiuf_cottage
D:3:      minmay_bubble_buster, layout_loops_ring, serial_glass,
          glass_columns_a, glass_columns_a, hangedman_decor_opposing,
          patterned_corridor, uniq_ijyb, uniq_terence
D:4:      cheibrodos_greedy_goblins, layout_loops_corners,
          lemuel_coloured_pillars_altar,
          nicolae_uskayaw_murder_on_the_dancefloor, serial_shops,
          nicolae_shop_window_shopping, minmay_misc_feat_x, uniq_robin,
          uniq_sigmund, uniq_duvessa, uniq_menkaure
D:5:      layout_loops_ring, serial_shops, nicolae_shop_trees,
          chequers_serial_rivers_room_b, uniq_pikel, uniq_edmund
D:6:      layout_rooms, minmay_overflow_temple_hex,
          chequers_serial_rivers_large_b
D:7:      layout_basic, minmay_temple_entry_mist, enter_ossuary_3
D:8:      layout_rooms, nrook_loot_triangle, st_stairs_2
D:9:      corexii_shack_village, layout_irregular_city, serial_shops,
          nicolae_shop_competitors_out_of_business, ebering_ghost_rock_garden,
          uniq_maggie, uniq_maurice, uniq_harold
D:10:     cheibrodos_elevator_heist, layout_cave_pods, okawaru_metal_pillars_3,
          lemuel_doored_altar, jmf_multi_god_temple,
          hangedman_abyss_or_decor_lesser_grid, kennysheep_generic_room_6

Skill      XL: |  1  2  3  4  5  6  7  8  9 10 |
---------------+-------------------------------+-----
Armour         | 4 |  4.1
Axes           | 3 4 5 7 8 10 13 15 16 | 16.0
Fighting       | 11 | 11.3
Shields        | |  3.9

Action                   |  1- 3 |  4- 6 |  7- 9 | 10-12 || total
-------------------------+-------+-------+-------+-------++-------
Melee: Whip              |    90 |    65 |       |       ||   155
       War axe           |     2 |    64 |   251 |   128 ||   445
       Headbutt          |     8 |    17 |    46 |    21 ||    92
       Unarmed           |       |     2 |       |       ||     2
Invok: Divine Shield     |       |       |     1 |     1 ||     2
  Use: Scroll            |       |     7 |     2 |     6 ||    15
       Potion            |       |     1 |     6 |     2 ||     9
Armor: Scale mail        |    43 |    43 |    85 |    57 ||   228
Dodge: Dodged            |    18 |    40 |    50 |    28 ||   136
Block: Kite shield       |    44 |    60 |    94 |    60 ||   258

Table legend: (Time is in decaauts)
 A = Elapsed time spent in this place.
 B = Non-inter-level travel time spent in this place.
 C = Inter-level travel time spent in this place.
 D = Time resting spent in this place.
 E = Time spent auto-exploring this place.
 F = Levels seen in this place.
 G = Mean time per level.
                   A        B        C        D        E       F      G
               +--------+--------+--------+--------+--------+-----+--------+
         Total |  10221 |   9828 |    393 |   2066 |   6446 |  11 |  929.2 |
       Dungeon |   9963 |   9570 |    393 |   2066 |   6314 |  10 |  996.3 |
       Ossuary |    257 |    257 |      0 |      0 |    132 |   1 |  257.0 |
               +--------+--------+--------+--------+--------+-----+--------+

Top non-repeatable levels by time:
     D:4: 2007 daAuts
     D:9: 1736 daAuts
     D:8: 1074 daAuts
     D:2: 1046 daAuts
     D:5: 1014 daAuts
     D:3: 861 daAuts
     D:1: 815 daAuts
     D:6: 794 daAuts
     D:7: 604 daAuts
 Ossuary: 257 daAuts
    D:10: 8 daAuts
